 Dungeon Crawl Stone Soup version 0.29-a0-2-g12fcac58f8 (webtiles) character file.

Game seed: 3676726079949904617

166 fragbeetle the Magician (level 5, -4/37 HPs)
             Began as a Gnoll Hedge Wizard on Jan 26, 2022.
             Slain by an orc (10 damage)
             ... on level 4 of the Dungeon.
             The game lasted 00:06:27 (3517 turns).

fragbeetle the Magician (Gnoll Hedge Wizard)        Turns: 3517, Time: 00:06:29

Health: -4/37      AC:  3    Str: 10    XL:     5   Next: 47%
Magic:  9/14       EV: 13    Int: 15    God:
Gold:   167        SH:  0    Dex: 11    Spells: 10/18 levels left

rFire   . . .      SeeInvis .   a - +0 dagger
rCold   . . .      Faith    .   (no shield)
rNeg    . . .      Spirit   .   l - +0 robe
rPois   .          Reflect  .   c - +0 hat
rElec   .          Harm     .   (no cloak)
rCorr   .          Rampage  .   f - +0 pair of gloves
Will    .....                   (no boots)
Stlth   ++........              (no amulet)
HPRegen 0.12/turn               (no ring)
MPRegen 0.14/turn               (no ring)

@: no status effects
A: fangs 1, strong nose, distributed training
a: no special abilities


You were on level 4 of the Dungeon.
You visited 1 branch of the dungeon, and saw 4 of its levels.

You collected 167 gold pieces.

Inventory:

Hand Weapons
 a - a +0 dagger (weapon)
 b - a +2 fustibalus of flaming
Missiles
 e - a throwing net
 m - 68 stones
Armour
 c - a +0 hat (worn)
 f - a +0 pair of gloves (worn)
 j - a +0 buckler
 l - a +0 robe (worn)
Jewellery
 n - a ring of positive energy
 o - a ring of ice
Scrolls
 g - a scroll of vulnerability {unknown}
 h - 4 scrolls of identify {unknown}
 i - 2 scrolls of noise {unknown}
 k - a scroll of enchant weapon {unknown}
 p - a scroll of summoning {unknown}
Potions
 d - a potion of heal wounds {unknown}


   Skills:
 + Level 1.5 Fighting
 + Level 1.5 Short Blades
 + Level 1.5 Long Blades
 + Level 1.5 Axes
 + Level 1.5 Maces & Flails
 + Level 1.5 Polearms
 + Level 1.5 Staves
 + Level 1.5 Slings
 + Level 1.5 Bows
 + Level 1.5 Crossbows
 + Level 1.5 Throwing
 + Level 1.5 Armour
 + Level 4.8 Dodging
 + Level 4.4 Stealth
 + Level 1.5 Shields
 + Level 1.5 Unarmed Combat
 + Level 7.3 Spellcasting
 + Level 2.4 Conjurations
 + Level 1.2 Hexes
 + Level 2.4 Summonings
 + Level 1.2 Necromancy
 + Level 2.4 Translocations
 + Level 1.2 Transmutations
 + Level 1.2 Fire Magic
 + Level 1.2 Ice Magic
 + Level 1.2 Air Magic
 + Level 1.2 Earth Magic
 + Level 1.2 Poison Magic
 + Level 1.7 Invocations
 + Level 1.5 Evocations


You had 10 spell levels left.
You knew the following spells:

 Your Spells              Type           Power      Damage    Failure   Level
a - Magic Dart            Conj           48%        1d5       4%          1
b - Call Imp              Summ           12%        N/A       7%          2
c - Mephitic Cloud        Conj/Pois/Air  10%        N/A       21%         3
d - Poisonous Vapours     Pois/Air       18%        N/A       12%         2

Your spell library contained the following spells:

 Spells                   Type           Power      Damage    Failure   Level
 Blink                    Tloc           24%        N/A       7%          2
 Sandblast                Erth           18%        2d7       8%          1
 Slow                     Hex            36%        N/A       8%          1
 Corpse Rot               Necr/Air       18%        N/A       12%         2
 Passwall                 Tmut/Erth      7%         N/A       12%         2
 Conjure Flame            Conj/Fire      10%        6-21      19%         3
 Stone Arrow              Conj/Erth      20%        3d8       19%         3


Dungeon Overview and Level Annotations

Branches:
Dungeon (4/15)
 Temple: D:4-7

Altars:
Sif Muna

Shops:
D:1 (

Annotations:
D:4 3 runed translucent doors, DarkBird's ghost, amateur SpEE


Innate Abilities, Weirdness & Mutations

You have very sharp teeth.
Your uncanny sense of smell can sniff out nearby items.
Your experience applies equally to all skills.


Message History

The hobgoblin closely misses you.
Casting: Call Imp (safe; 7% risk of failure)
Confirm with . or Enter, or press ? or * to list all spells.
A beastly little devil appears in a puff of frigid air.
The orc barely misses you.
The orc completely misses your white imp.
The hobgoblin hits you.
You hit the hobgoblin but do no damage.
The hobgoblin is heavily wounded.
The orc hits you with a +1 vorpal battleaxe!
The orc hits your white imp with a +1 vorpal battleaxe.
The hobgoblin hits you.
Something closely misses your white imp. x2
Unknown command.
Casting: Call Imp (safe; 7% risk of failure)
Confirm with . or Enter, or press ? or * to list all spells.
Aiming: Magic Dart (safe; 4% risk of failure)
Press: ? - help, Shift-Dir - straight line, f - hobgoblin
Aim: a hobgoblin (heavily wounded, 100% to hit)
The magic dart hits the hobgoblin but does no damage.
The hobgoblin is heavily wounded.
Your white imp closely misses the orc.
Something closely misses your white imp.
Something barely misses your white imp.
The orc hits you with a +1 vorpal battleaxe!
* * * LOW HITPOINT WARNING * * *
x2 The orc hits your white imp with a +1 vorpal battleaxe.
Your white imp dies!
Your white imp disappears in a puff of smoke!
The hobgoblin closely misses you.
Casting: Magic Dart (safe; 4% risk of failure)
Confirm with . or Enter, or press ? or * to list all spells.
Aiming: Magic Dart (safe; 4% risk of failure)
Press: ? - help, Shift-Dir - straight line, f/p - hobgoblin
Aim: a hobgoblin (heavily wounded, 100% to hit)
The magic dart hits the hobgoblin.
The hobgoblin is almost dead.
A ball python comes into view.
The orc hits you with a +1 vorpal battleaxe!
You die...

.....##.# #<# ∆
....##.# ###.##
#..##.# #..... #
#..##.####.###. #.
#........o.# #.
#####.##...#.####[###.
#............# #..5(.
..#.#####....###
###.#5 ......g@o.....#
####.#o
.....####S.#..#
#....#o ... #..#..#
#.####. . #..#..# #.#
#. #..#..# #§# #.
#..#..####)####.
#.....).))†.....
..##.##########


You could see an orc, a hobgoblin and a ball python (wandering).

Vanquished Creatures
  Natasha (thrice) (D:3)
  2 adders
  A dart slug (D:1)
  8 orcs
  4 endoplasms
  3 giant cockroaches
  5 goblins
  7 hobgoblins
  5 ball pythons
  2 bats
  4 frilled lizards
  9 kobolds
  8 rats
61 creatures vanquished.

Vanquished Creatures (collateral kills)
  An orc (D:4)
  A kobold (D:3)
2 creatures vanquished.

Grand Total: 63 creatures vanquished

Notes
Turn   | Place    | Note
-------+----------+-------------------------------------------
     0 | D:1      | fragbeetle the Gnoll Hedge Wizard began the quest for the
                  | Orb.
     0 | D:1      | Reached XP level 1. HP: 13/13 MP: 8/8
   220 | D:1      | Found Ukhom's Weapon Emporium.
   314 | D:1      | Reached XP level 2. HP: 19/19 MP: 1/10
   317 | D:1      | Learned a level 2 spell: Call Imp
  1086 | D:1      | Reached XP level 3. HP: 25/25 MP: 9/11
  1451 | D:2      | Reached skill level 1 in Invocations
  1581 | D:2      | Learned a level 3 spell: Mephitic Cloud
  1584 | D:2      | Learned a level 2 spell: Poisonous Vapours
  1629 | D:2      | Found a shimmering blue altar of Sif Muna.
  1630 | D:2      | You fall into a shaft and drop 1 floor!
  1641 | D:3      | Reached skill level 1 in Fighting
  1641 | D:3      | Reached skill level 1 in Short Blades
  1641 | D:3      | Reached skill level 1 in Long Blades
  1641 | D:3      | Reached skill level 1 in Axes
  1641 | D:3      | Reached skill level 1 in Maces & Flails
  1641 | D:3      | Reached skill level 1 in Polearms
  1641 | D:3      | Reached skill level 1 in Staves
  1641 | D:3      | Reached skill level 1 in Slings
  1641 | D:3      | Reached skill level 1 in Bows
  1641 | D:3      | Reached skill level 1 in Crossbows
  1641 | D:3      | Reached skill level 1 in Throwing
  1641 | D:3      | Reached skill level 1 in Armour
  1641 | D:3      | Reached skill level 1 in Shields
  1641 | D:3      | Reached skill level 1 in Unarmed Combat
  1641 | D:3      | Reached skill level 1 in Evocations
  1817 | D:3      | Reached XP level 4. HP: 32/32 MP: 8/13
  2715 | D:3      | Noticed Natasha
  2728 | D:3      | Killed Natasha
  2729 | D:3      | Reached skill level 1 in Hexes
  2729 | D:3      | Reached skill level 1 in Necromancy
  2729 | D:3      | Reached skill level 1 in Transmutations
  2729 | D:3      | Reached skill level 1 in Fire Magic
  2729 | D:3      | Reached skill level 1 in Ice Magic
  2729 | D:3      | Reached skill level 1 in Air Magic
  2729 | D:3      | Reached skill level 1 in Earth Magic
  2729 | D:3      | Reached skill level 1 in Poison Magic
  2825 | D:3      | Noticed Natasha
  2842 | D:3      | Killed Natasha
  2843 | D:3      | Reached XP level 5. HP: 5/37 MP: 0/14
  2961 | D:3      | Noticed Natasha
  3148 | D:3      | Killed Natasha
  3260 | D:4      | Noticed an orc warrior
  3261 | D:4      | Noticed DarkBird's ghost (amateur SpEE)
  3262 | D:4      | Found a runed translucent gate.
  3263 | D:4      | Found a runed translucent gate.
  3264 | D:4      | Found a runed translucent gate.
  3268 | D:4      | Identified the +4 scale mail of Pan-Flutes {Str+3}
  3517 | D:4      | Slain by an orc

Illustrated notes

Levels and vault maps discovered:
D:1:      sevenhm_arrival_forest_fort_large_2, layout_loops_ring, serial_shops,
          shop
D:2:      layout_basic, basic_altar
D:3:      minmay_octagon_keep, layout_loops_corners,
          hellmonk_ecumenical_altar_heavens_door, uniq_sigmund, uniq_natasha,
          uniq_jessica, uniq_grinder
D:4:      layout_loops_ring, biasface_ghost_orc_armoury, uniq_menkaure

Skill      XL: |  1  2  3  4 |
---------------+-------------+-----
Conjurations   | 2 |  2.4
Summonings     | 2 |  2.4
Translocations | 2 |  2.4
Invocations    | 1 |  1.7
Fighting       | 1 |  1.5
Short Blades   | 1 |  1.5
Long Blades    | 1 |  1.5
Axes           | 1 |  1.5
Maces & Flails | 1 |  1.5
Polearms       | 1 |  1.5
Staves         | 1 |  1.5
Slings         | 1 |  1.5
Bows           | 1 |  1.5
Crossbows      | 1 |  1.5
Throwing       | 1 |  1.5
Armour         | 1 |  1.5
Shields        | 1 |  1.5
Unarmed Combat | 1 |  1.5
Evocations     | 1 |  1.5
Hexes          | 1 |  1.2
Necromancy     | 1 |  1.2
Transmutations | 1 |  1.2
Fire Magic     | 1 |  1.2
Ice Magic      | 1 |  1.2
Air Magic      | 1 |  1.2
Earth Magic    | 1 |  1.2
Poison Magic   | 1 |  1.2
Dodging        | |  4.8
Stealth        | |  4.4
Spellcasting   | |  7.3

Action                   |  1- 3 |  4- 6 || total
-------------------------+-------+-------++-------
Melee: Dagger            |    19 |    24 ||    43
       Punch             |       |     1 ||     1
       Bite              |       |     4 ||     4
 Cast: Magic Dart        |    83 |    79 ||   162
       Call Imp          |     1 |     6 ||     7
Armor: Robe              |    10 |     5 ||    15
Dodge: Dodged            |    28 |    29 ||    57

Table legend: (Time is in decaauts)
 A = Elapsed time spent in this place.
 B = Non-inter-level travel time spent in this place.
 C = Inter-level travel time spent in this place.
 D = Time resting spent in this place.
 E = Time spent auto-exploring this place.
 F = Levels seen in this place.
 G = Mean time per level.
                   A        B        C        D        E       F      G
               +--------+--------+--------+--------+--------+-----+--------+
         Total |   3515 |   3460 |     55 |    460 |   2521 |   4 |  878.8 |
       Dungeon |   3515 |   3460 |     55 |    460 |   2521 |   4 |  878.8 |
               +--------+--------+--------+--------+--------+-----+--------+

Top non-repeatable levels by time:
     D:1: 1267 daAuts
     D:3: 1083 daAuts
     D:2: 964 daAuts
     D:4: 200 daAuts
